Panthers vs Canadiens

Created - December 22 2011 at 19:41

Goals
1 2 3 T
Panthers 3 1 2 6
Canadiens 3 0 1 4
Shots
1 2 3 T
Panthers 11 4 8 23
Canadiens 15 12 7 34

Period #1

1. Canadiens , Jordan Eberle 3 (Dustin Byfuglien, Jonathan Toews) at 2:22 (PP)
2. Canadiens , Jonathan Toews 18 (Henrik Tallinder) at 5:12 (PP)
3. Panthers , Nick Palmieri 1 (Jason Garrison, Dave Bolland) at 8:52 (PP)
4. Canadiens , P.K. Subban 6 (Brandon Dubinsky, Jordan Eberle) at 11:25
5. Panthers , Ryan Smyth 20 (Andy Greene, Jason Garrison) at 11:48
6. Panthers , Sam Gagner 10 (Ryan Smyth, Dave Bolland) at 13:51 (PP)

Penalties :
Ryan OByrne (FLA) for Hooking (Minor) at 0:33, Kyle Quincey (FLA) for Holding (Minor) at 3:37, Dustin Byfuglien (MTL) for Hooking (Minor) at 6:43, P.K. Subban (MTL) for High sticking (Minor) at 8:48, P.K. Subban (MTL) for Tripping (Minor) at 13:43, Ryan OByrne (FLA) for Holding (Minor) at 17:00

Period #2

7. Panthers , Nick Palmieri 2 (Andrew Brunette, Sergei Shirokov) at 12:56

Penalties :
Dustin Byfuglien (MTL) for Hooking (Minor) at 6:44, Kyle Quincey (FLA) for Slashing (Minor) at 19:37

Period #3

8. Panthers , Mike Santorelli 8 (Chris Drury, Matt Cullen) at 8:22
9. Canadiens , Jonathan Toews 19 (Dustin Byfuglien) at 11:39 (PP)
10. Panthers , Sam Gagner 11 (Ryan Smyth, Jason Garrison) at 13:36

Penalties :
Travis Hamonic (MTL) for Tripping (Minor) at 4:47, Ryan OByrne (FLA) for Tripping (Minor) at 11:31, Jason Garrison (FLA) for Cross-checking (Minor) at 14:36, P.K. Subban (MTL) for Tripping (Minor) at 16:20, Patrik Berglund (FLA) for High sticking (Minor) at 16:25

Goalie Stats

Corey Crawford (FLA), 30 saves from 34 shots - (0.882), W, 14-21-2, 60:00 minutes
Anders Lindback (MTL), 5 saves from 6 shots - (0.833), 11:38 minutes
Jonas Hiller (MTL), 12 saves from 17 shots - (0.706), L, 16-11-2, 48:22 minutes

Players Stats

Panthers
Player Name              G  A  P  +/- PIM S  H  SB FO    MP 
------------------------------------------------------------
Andrew Brunette          0  1  1   1  0   1  1  0  0/2   17 
Andy Greene              0  1  1   2  0   0  0  3  0/0   23 
Chris Drury              0  1  1   0  0   0  1  0  9/17  19 
Dave Bolland             0  2  2   2  0   1  0  2  10/23 20 
Dustin Penner            0  0  0   0  0   1  0  0  4/9   9  
Jason Blake              0  0  0   0  0   1  2  0  0/0   10 
Jason Garrison           0  3  3   2  2   2  0  1  0/0   23 
John-Michael Liles       0  0  0   2  0   0  0  2  0/0   4  
Kyle Quincey             0  0  0   0  4   0  0  1  0/0   22 
Luca Sbisa               0  0  0   0  0   0  2  2  0/0   18 
Matt Cullen              0  1  1   1  0   5  0  1  4/9   22 
Mike Santorelli          1  0  1   1  0   5  0  0  2/3   16 
Nick Palmieri            2  0  2   0  0   2  0  0  0/1   10 
Patrik Berglund          0  0  0   0  2   1  0  0  0/1   1  
Ryan OByrne              0  0  0   0  6   0  3  1  0/0   21 
Ryan Smyth               1  2  3   2  0   2  2  0  4/8   21 
Sam Gagner               2  0  2   2  0   2  0  1  0/0   16 
Sergei Shirokov          0  1  1   0  0   0  1  0  2/11  16 
Canadiens
Player Name              G  A  P  +/- PIM S  H  SB FO    MP 
------------------------------------------------------------
Brandon Dubinsky         0  1  1  -1  0   4  5  2  1/1   22 
Bryan Little             0  0  0  -1  0   0  0  0  12/22 18 
David Perron             0  0  0  -1  0   3  1  0  1/2   16 
Dominic Moore            0  0  0   0  0   0  0  0  7/10  7  
Dustin Byfuglien         0  2  2  -1  4   2  1  1  0/0   16 
Henrik Tallinder         0  1  1  -1  0   2  1  3  0/0   19 
Jakub Voracek            0  0  0   0  0   2  1  0  0/0   7  
Jonathan Toews           2  1  3  -1  0   6  2  0  15/26 19 
Jordan Eberle            1  1  2  -1  0   1  0  0  0/2   19 
Logan Couture            0  0  0  -1  0   2  0  0  1/2   15 
Manny Malhotra           0  0  0  -1  0   2  1  0  12/19 17 
Marc-Edouard Vlasic      0  0  0  -1  0   3  0  0  0/0   23 
Mason Raymond            0  0  0   0  0   0  0  0  0/0   7  
P.K. Subban              1  0  1  -1  6   3  4  0  0/0   20 
Rob Scuderi              0  0  0  -1  0   1  1  4  0/0   16 
Tom Poti                 0  0  0  -1  0   2  1  2  0/0   21 
Travis Hamonic           0  0  0  -1  2   1  0  2  0/0   15 
Ville Leino              0  0  0  -1  0   0  1  0  0/0   16 

3 Stars

1 - Ryan Smyth (FLA)
2 - Sam Gagner (FLA)
3 - Jonathan Toews (MTL)

Power Play

Panthers - 2 on 6 Attempt(s) - 33.33%
Canadiens - 3 on 7 Attempt(s) - 42.86%

Penalty Kill

Panthers - 4 on 7 Attempt(s) - 57.14% - Score 0 goal in Penalty Kill
Canadiens - 4 on 6 Attempt(s) - 66.67% - Score 0 goal in Penalty Kill

Game Notes

Anders Lindback enters game at 8:22 of 3rd period

Finance

Level 1 -- Attendance: 4207 (64.72%) -- Ticket Income $420,700.00
Level 2 -- Attendance: 3174 (63.48%) -- Ticket Income $190,440.00
Level 3 -- Attendance: 2690 (76.86%) -- Ticket Income $94,150.00
Level 4 -- Attendance: 2561 (48.57%) -- Ticket Income $51,220.00
Luxury Box -- Attendance: 978 (97.80%) -- Ticket Income $171,150.00
Game was played at the Bell Centre
Total Attendance: 13610 (63.98%)
Total Ticket Income: $947,388.90
Other Income: $191,707.20
Total Income: $1,139,096.00


Play by Play

Period #1

0:01 of 1st period - Dave Bolland wins face-off versus Jonathan Toews in neutral zone.
0:16 of 1st period - Shot by Dave Bolland.
0:16 of 1st period - Stopped by Jonas Hiller without a rebound.
0:17 of 1st period - Chris Drury wins face-off versus Jordan Eberle in Canadiens zone.
0:23 of 1st period - P.K. Subban is hit by Ryan OByrne and loses puck.
0:32 of 1st period - Shot by Jordan Eberle.
0:32 of 1st period - Shot Blocked by Andy Greene.
0:33 of 1st period - Minor Penalty to Ryan OByrne for Hooking.
0:34 of 1st period - Jonathan Toews wins face-off versus Ryan Smyth in Panthers zone.
0:37 of 1st period - Shot by Logan Couture.
0:37 of 1st period - Shot Blocked by Dave Bolland.
0:49 of 1st period - Shot by Marc-Edouard Vlasic.
0:49 of 1st period - Shot Misses the Net.
1:01 of 1st period - Shot by Jonathan Toews.
1:01 of 1st period - Stopped by Corey Crawford without a rebound.
1:02 of 1st period - Bryan Little wins face-off versus Matt Cullen in Panthers zone.
2:18 of 1st period - Shot by Jordan Eberle.
2:18 of 1st period - Shot Blocked by Matt Cullen.
2:20 of 1st period - Shot by Dustin Byfuglien.
2:20 of 1st period - Shot Misses the Net.
2:22 of 1st period - Shot by Jordan Eberle.
2:22 of 1st period - Goal by Jordan Eberle - Panthers : 0 - Canadiens : 1.
2:23 of 1st period - Chris Drury wins face-off versus Manny Malhotra in neutral zone.
2:36 of 1st period - Shot by Matt Cullen.
2:36 of 1st period - Stopped by Jonas Hiller without a rebound.
2:37 of 1st period - Dominic Moore wins face-off versus Sergei Shirokov in Canadiens zone.
2:59 of 1st period - Jakub Voracek is hit by Luca Sbisa and loses puck.
3:08 of 1st period - Shot by Jakub Voracek.
3:08 of 1st period - Stopped by Corey Crawford with a rebound.
3:10 of 1st period - Shot by Marc-Edouard Vlasic.
3:10 of 1st period - Stopped by Corey Crawford with a rebound.
3:34 of 1st period - Shot by P.K. Subban.
3:34 of 1st period - Stopped by Corey Crawford with a rebound.
3:37 of 1st period - Minor Penalty to Kyle Quincey for Holding.
3:38 of 1st period - Matt Cullen wins face-off versus Jonathan Toews in Panthers zone.
3:38 of 1st period - Matt Cullen is hit by Jonathan Toews.
4:23 of 1st period - Shot by Henrik Tallinder.
4:23 of 1st period - Stopped by Corey Crawford without a rebound.
4:24 of 1st period - Matt Cullen wins face-off versus Bryan Little in Panthers zone.
4:30 of 1st period - Icing by Tom Poti.
4:31 of 1st period - Matt Cullen wins face-off versus Bryan Little in Canadiens zone.
4:58 of 1st period - Shot by Bryan Little.
4:58 of 1st period - Shot Misses the Net.
5:08 of 1st period - Shot by Henrik Tallinder.
5:08 of 1st period - Stopped by Corey Crawford with a rebound.
5:12 of 1st period - Shot by Jonathan Toews.
5:12 of 1st period - Goal by Jonathan Toews - Panthers : 0 - Canadiens : 2.
5:13 of 1st period - Manny Malhotra wins face-off versus Dustin Penner in neutral zone.
5:18 of 1st period - Shot by David Perron.
5:18 of 1st period - Deflect By Manny Malhotra.
5:18 of 1st period - Shot Blocked by Kyle Quincey.
5:58 of 1st period - Icing by Andy Greene.
5:59 of 1st period - Mike Santorelli wins face-off versus Bryan Little in Panthers zone.
6:05 of 1st period - Off-side.
6:06 of 1st period - Jonathan Toews wins face-off versus Dave Bolland in neutral zone.
6:43 of 1st period - Minor Penalty to Dustin Byfuglien for Hooking.
6:44 of 1st period - Mike Santorelli wins face-off versus Manny Malhotra in Canadiens zone.
7:12 of 1st period - Shot by Andy Greene.
7:12 of 1st period - Shot Blocked by Henrik Tallinder.
7:14 of 1st period - Shot by Matt Cullen.
7:14 of 1st period - Stopped by Jonas Hiller without a rebound.
7:15 of 1st period - Dave Bolland wins face-off versus Jonathan Toews in Canadiens zone.
7:40 of 1st period - Shot by Ryan Smyth.
7:40 of 1st period - Shot Blocked by Henrik Tallinder.
7:44 of 1st period - Shot by Sam Gagner.
7:44 of 1st period - Shot Blocked by Rob Scuderi.
8:06 of 1st period - Shot by Matt Cullen.
8:06 of 1st period - Stopped by Jonas Hiller with a rebound.
8:08 of 1st period - Shot by Chris Drury.
8:08 of 1st period - Shot Blocked by Tom Poti.
8:48 of 1st period - Minor Penalty to P.K. Subban for High sticking.
8:49 of 1st period - Dave Bolland wins face-off versus Jonathan Toews in Canadiens zone.
8:52 of 1st period - Shot by Nick Palmieri.
8:52 of 1st period - Goal by Nick Palmieri - Panthers : 1 - Canadiens : 2.
8:53 of 1st period - Brandon Dubinsky wins face-off versus Dustin Penner in neutral zone.
9:36 of 1st period - Ville Leino is hit by Jason Blake.
9:52 of 1st period - Shot by Travis Hamonic.
9:52 of 1st period - Stopped by Corey Crawford without a rebound.
9:53 of 1st period - Dominic Moore wins face-off versus Chris Drury in Panthers zone.
10:10 of 1st period - Shot by Matt Cullen.
10:10 of 1st period - Deflect By Mike Santorelli.
10:10 of 1st period - Shot Misses the Net.
10:25 of 1st period - Ryan OByrne is hit by Jakub Voracek and loses puck.
10:51 of 1st period - Off-side.
10:52 of 1st period - Bryan Little wins face-off versus Sergei Shirokov in neutral zone.
11:23 of 1st period - Shot by Brandon Dubinsky.
11:23 of 1st period - Shot Misses the Net.
11:25 of 1st period - Shot by P.K. Subban.
11:25 of 1st period - Goal by P.K. Subban - Panthers : 1 - Canadiens : 3.
11:26 of 1st period - Manny Malhotra wins face-off versus Dave Bolland in neutral zone.
11:29 of 1st period - Andy Greene is hit by Manny Malhotra and loses puck.
11:48 of 1st period - Shot by Ryan Smyth.
11:48 of 1st period - Goal by Ryan Smyth - Panthers : 2 - Canadiens : 3.
11:49 of 1st period - Jonathan Toews wins face-off versus Mike Santorelli in neutral zone.
11:54 of 1st period - Shot by Logan Couture.
11:54 of 1st period - Shot Misses the Net.
12:16 of 1st period - Shot by Jonathan Toews.
12:16 of 1st period - Stopped by Corey Crawford without a rebound.
12:17 of 1st period - Manny Malhotra wins face-off versus Sergei Shirokov in Panthers zone.
13:42 of 1st period - Shot by Mike Santorelli.
13:42 of 1st period - Stopped by Jonas Hiller with a rebound.
13:43 of 1st period - Minor Penalty to P.K. Subban for Tripping.
13:44 of 1st period - Dave Bolland wins face-off versus Jonathan Toews in Canadiens zone.
13:49 of 1st period - Shot by Sam Gagner.
13:49 of 1st period - Shot Blocked by Tom Poti.
13:51 of 1st period - Shot by Sam Gagner.
13:51 of 1st period - Goal by Sam Gagner - Panthers : 3 - Canadiens : 3.
13:52 of 1st period - Dominic Moore wins face-off versus Dave Bolland in neutral zone.
13:59 of 1st period - Shot by Jakub Voracek.
13:59 of 1st period - Stopped by Corey Crawford without a rebound.
14:00 of 1st period - Bryan Little wins face-off versus Ryan Smyth in Panthers zone.
14:01 of 1st period - Shot by Brandon Dubinsky.
14:01 of 1st period - Stopped by Corey Crawford without a rebound.
14:02 of 1st period - Dave Bolland wins face-off versus Jordan Eberle in Panthers zone.
14:24 of 1st period - Icing by Kyle Quincey.
14:25 of 1st period - Dave Bolland wins face-off versus Logan Couture in Panthers zone.
14:49 of 1st period - Off-side.
14:50 of 1st period - Bryan Little wins face-off versus Chris Drury in neutral zone.
14:52 of 1st period - P.K. Subban is hit by Chris Drury and loses puck.
15:03 of 1st period - Shot by Mike Santorelli.
15:03 of 1st period - Stopped by Jonas Hiller without a rebound.
15:04 of 1st period - Dustin Penner wins face-off versus David Perron in Canadiens zone.
15:05 of 1st period - Shot by Jason Blake.
15:05 of 1st period - Deflect By Dustin Penner.
15:05 of 1st period - Shot Blocked by Rob Scuderi.
15:11 of 1st period - Shot by Dustin Penner.
15:11 of 1st period - Stopped by Jonas Hiller with a rebound.
16:05 of 1st period - Shot by Dustin Byfuglien.
16:05 of 1st period - Stopped by Corey Crawford without a rebound.
16:06 of 1st period - Dave Bolland wins face-off versus Bryan Little in Panthers zone.
16:06 of 1st period - Dave Bolland is hit by Brandon Dubinsky.
16:54 of 1st period - Mike Santorelli is hit by Henrik Tallinder and loses puck.
17:00 of 1st period - Minor Penalty to Ryan OByrne for Holding.
17:01 of 1st period - Jonathan Toews wins face-off versus Matt Cullen in Panthers zone.
18:50 of 1st period - Shot by Logan Couture.
18:50 of 1st period - Shot Misses the Net.
19:06 of 1st period - Shot by Dustin Penner.
19:06 of 1st period - Shot Blocked by Rob Scuderi.
19:14 of 1st period - Shot by Jason Blake.
19:14 of 1st period - Stopped by Jonas Hiller without a rebound.
19:15 of 1st period - Dominic Moore wins face-off versus Sergei Shirokov in Canadiens zone.
19:15 of 1st period - Dominic Moore is hit by Andrew Brunette.
19:28 of 1st period - Shot by Tom Poti.
19:28 of 1st period - Stopped by Corey Crawford without a rebound.
19:29 of 1st period - Manny Malhotra wins face-off versus Sergei Shirokov in Panthers zone.
19:32 of 1st period - Shot by David Perron.
19:32 of 1st period - Shot Blocked by Ryan OByrne.
19:46 of 1st period - Shot by Manny Malhotra.
19:46 of 1st period - Shot Misses the Net.
19:56 of 1st period - Shot by Ville Leino.
19:56 of 1st period - Shot Blocked by Jason Garrison.

Period #2

0:01 of 2nd period - Jonathan Toews wins face-off versus Dave Bolland in neutral zone.
0:06 of 2nd period - Shot by Dustin Byfuglien.
0:06 of 2nd period - Stopped by Corey Crawford without a rebound.
0:07 of 2nd period - Chris Drury wins face-off versus Bryan Little in Panthers zone.
0:07 of 2nd period - Chris Drury is hit by Brandon Dubinsky.
0:14 of 2nd period - Off-side.
0:15 of 2nd period - Jonathan Toews wins face-off versus Dave Bolland in neutral zone.
0:25 of 2nd period - Shot by Jonathan Toews.
0:25 of 2nd period - Shot Misses the Net.
0:27 of 2nd period - Shot by Tom Poti.
0:27 of 2nd period - Stopped by Corey Crawford without a rebound.
0:28 of 2nd period - Chris Drury wins face-off versus Bryan Little in Panthers zone.
0:28 of 2nd period - Chris Drury is hit by Brandon Dubinsky.
0:38 of 2nd period - Shot by Mike Santorelli.
0:38 of 2nd period - Deflect By Chris Drury.
0:38 of 2nd period - Shot Misses the Net.
1:00 of 2nd period - Shot by Brandon Dubinsky.
1:00 of 2nd period - Stopped by Corey Crawford without a rebound.
1:01 of 2nd period - Jonathan Toews wins face-off versus Dave Bolland in Panthers zone.
1:24 of 2nd period - Shot by Logan Couture.
1:24 of 2nd period - Stopped by Corey Crawford with a rebound.
1:38 of 2nd period - Shot by Jonathan Toews.
1:38 of 2nd period - Shot Blocked by Dave Bolland.
1:45 of 2nd period - Ryan Smyth is hit by Tom Poti.
1:48 of 2nd period - Icing by Jonathan Toews.
1:49 of 2nd period - Chris Drury wins face-off versus Jonathan Toews in Canadiens zone.
2:41 of 2nd period - Luca Sbisa is hit by Dustin Byfuglien and loses puck.
5:04 of 2nd period - Off-side.
5:05 of 2nd period - Dustin Penner wins face-off versus Dominic Moore in neutral zone.
5:09 of 2nd period - Andy Greene is hit by Brandon Dubinsky and loses puck.
5:17 of 2nd period - Icing by Mason Raymond.
5:18 of 2nd period - Dominic Moore wins face-off versus Sergei Shirokov in Canadiens zone.
6:29 of 2nd period - Off-side.
6:30 of 2nd period - Chris Drury wins face-off versus Jonathan Toews in neutral zone.
6:38 of 2nd period - Matt Cullen is hit by P.K. Subban and loses puck.
6:44 of 2nd period - Minor Penalty to Dustin Byfuglien for Hooking.
6:45 of 2nd period - Jonathan Toews wins face-off versus Dave Bolland in Canadiens zone.
6:55 of 2nd period - Off-side.
6:56 of 2nd period - Jonathan Toews wins face-off versus Chris Drury in neutral zone.
7:07 of 2nd period - Shot by Mike Santorelli.
7:07 of 2nd period - Stopped by Jonas Hiller without a rebound.
7:08 of 2nd period - Jonathan Toews wins face-off versus Dave Bolland in Canadiens zone.
7:18 of 2nd period - Sam Gagner is hit by Rob Scuderi and loses puck.
8:47 of 2nd period - Shot by Brandon Dubinsky.
8:47 of 2nd period - Stopped by Corey Crawford without a rebound.
8:48 of 2nd period - Dustin Penner wins face-off versus Bryan Little in Panthers zone.
9:25 of 2nd period - Icing by P.K. Subban.
9:26 of 2nd period - Sergei Shirokov wins face-off versus Bryan Little in Canadiens zone.
9:40 of 2nd period - Off-side.
9:41 of 2nd period - Chris Drury wins face-off versus Manny Malhotra in neutral zone.
10:40 of 2nd period - Tom Poti is hit by Ryan Smyth.
10:54 of 2nd period - Shot by Logan Couture.
10:54 of 2nd period - Stopped by Corey Crawford without a rebound.
10:55 of 2nd period - Dominic Moore wins face-off versus Sergei Shirokov in Panthers zone.
11:08 of 2nd period - Shot by Mason Raymond.
11:08 of 2nd period - Shot Misses the Net.
11:12 of 2nd period - Shot by Mason Raymond.
11:12 of 2nd period - Shot Blocked by Luca Sbisa.
11:14 of 2nd period - Shot by Marc-Edouard Vlasic.
11:14 of 2nd period - Stopped by Corey Crawford with a rebound.
11:46 of 2nd period - Shot by Dave Bolland.
11:46 of 2nd period - Shot Misses the Net.
12:54 of 2nd period - Shot by Andrew Brunette.
12:54 of 2nd period - Shot Blocked by Brandon Dubinsky.
12:56 of 2nd period - Shot by Nick Palmieri.
12:56 of 2nd period - Goal by Nick Palmieri - Panthers : 4 - Canadiens : 3.
12:57 of 2nd period - Dave Bolland wins face-off versus Manny Malhotra in neutral zone.
12:59 of 2nd period - Off-side.
13:00 of 2nd period - Manny Malhotra wins face-off versus Sergei Shirokov in neutral zone.
13:03 of 2nd period - Kyle Quincey is hit by David Perron and loses puck.
13:50 of 2nd period - Icing by Kyle Quincey.
13:51 of 2nd period - Jonathan Toews wins face-off versus Sergei Shirokov in Panthers zone.
14:36 of 2nd period - Shot by Mike Santorelli.
14:36 of 2nd period - Stopped by Jonas Hiller without a rebound.
14:37 of 2nd period - Bryan Little wins face-off versus Chris Drury in Canadiens zone.
15:37 of 2nd period - Shot by David Perron.
15:37 of 2nd period - Shot Blocked by John-Michael Liles.
15:39 of 2nd period - Shot by Rob Scuderi.
15:39 of 2nd period - Stopped by Corey Crawford without a rebound.
15:40 of 2nd period - Dominic Moore wins face-off versus Dave Bolland in Panthers zone.
15:44 of 2nd period - Jakub Voracek is hit by Ryan OByrne and loses puck.
16:09 of 2nd period - Shot by Sam Gagner.
16:09 of 2nd period - Shot Misses the Net.
16:51 of 2nd period - Shot by Ville Leino.
16:51 of 2nd period - Deflect By Manny Malhotra.
16:51 of 2nd period - Stopped by Corey Crawford with a rebound.
16:55 of 2nd period - Shot by Manny Malhotra.
16:55 of 2nd period - Stopped by Corey Crawford without a rebound.
16:56 of 2nd period - Dustin Penner wins face-off versus Bryan Little in Panthers zone.
17:07 of 2nd period - Shot by Dustin Penner.
17:07 of 2nd period - Shot Misses the Net.
17:10 of 2nd period - Icing by P.K. Subban.
17:11 of 2nd period - Bryan Little wins face-off versus Dustin Penner in Canadiens zone.
17:25 of 2nd period - Brandon Dubinsky is hit by Luca Sbisa and loses puck.
17:38 of 2nd period - Shot by P.K. Subban.
17:38 of 2nd period - Stopped by Corey Crawford without a rebound.
17:39 of 2nd period - Manny Malhotra wins face-off versus Dave Bolland in Panthers zone.
17:45 of 2nd period - Icing by Ryan Smyth.
17:46 of 2nd period - Dave Bolland wins face-off versus Manny Malhotra in Panthers zone.
17:53 of 2nd period - Shot by Sam Gagner.
17:53 of 2nd period - Shot Misses the Net.
18:03 of 2nd period - Shot by Sam Gagner.
18:03 of 2nd period - Shot Misses the Net.
18:07 of 2nd period - Shot by Ryan Smyth.
18:07 of 2nd period - Stopped by Jonas Hiller without a rebound.
18:08 of 2nd period - Jonathan Toews wins face-off versus Andrew Brunette in Canadiens zone.
18:20 of 2nd period - Shot by Mike Santorelli.
18:20 of 2nd period - Shot Misses the Net.
18:22 of 2nd period - Shot by Matt Cullen.
18:22 of 2nd period - Shot Misses the Net.
18:38 of 2nd period - Shot by Jonathan Toews.
18:38 of 2nd period - Stopped by Corey Crawford without a rebound.
18:39 of 2nd period - Bryan Little wins face-off versus Dave Bolland in Panthers zone.
19:37 of 2nd period - Minor Penalty to Kyle Quincey for Slashing.
19:38 of 2nd period - Logan Couture wins face-off versus Matt Cullen in Panthers zone.
19:55 of 2nd period - Ryan OByrne is hit by Jonathan Toews and loses puck.

Period #3

0:01 of 3rd period - Ryan Smyth wins face-off versus Jonathan Toews in neutral zone.
0:34 of 3rd period - Shot by Jordan Eberle.
0:34 of 3rd period - Shot Misses the Net.
0:38 of 3rd period - Shot by Jonathan Toews.
0:38 of 3rd period - Shot Blocked by Andy Greene.
0:40 of 3rd period - Shot by Jordan Eberle.
0:40 of 3rd period - Shot Blocked by Andy Greene.
0:57 of 3rd period - Shot by Brandon Dubinsky.
0:57 of 3rd period - Stopped by Corey Crawford without a rebound.
0:58 of 3rd period - Bryan Little wins face-off versus Ryan Smyth in Panthers zone.
1:21 of 3rd period - Shot by Brandon Dubinsky.
1:21 of 3rd period - Shot Misses the Net.
1:54 of 3rd period - Manny Malhotra is hit by Sergei Shirokov and loses puck.
4:08 of 3rd period - Off-side.
4:09 of 3rd period - Chris Drury wins face-off versus Manny Malhotra in neutral zone.
4:09 of 3rd period - Chris Drury is hit by Ville Leino.
4:15 of 3rd period - Shot by Mike Santorelli.
4:15 of 3rd period - Shot Blocked by Rob Scuderi.
4:17 of 3rd period - Shot by Chris Drury.
4:17 of 3rd period - Shot Misses the Net.
4:19 of 3rd period - Shot by Mike Santorelli.
4:19 of 3rd period - Shot Misses the Net.
4:21 of 3rd period - Shot by Chris Drury.
4:21 of 3rd period - Shot Misses the Net.
4:47 of 3rd period - Minor Penalty to Travis Hamonic for Tripping.
4:48 of 3rd period - Manny Malhotra wins face-off versus Dave Bolland in Canadiens zone.
6:05 of 3rd period - Shot by Matt Cullen.
6:05 of 3rd period - Shot Blocked by Brandon Dubinsky.
6:09 of 3rd period - Shot by Patrik Berglund.
6:09 of 3rd period - Stopped by Jonas Hiller without a rebound.
6:10 of 3rd period - David Perron wins face-off versus Dave Bolland in Canadiens zone.
7:14 of 3rd period - Andrew Brunette is hit by P.K. Subban and loses puck.
7:33 of 3rd period - Shot by Dustin Penner.
7:33 of 3rd period - Shot Blocked by Henrik Tallinder.
7:35 of 3rd period - Shot by Jason Blake.
7:35 of 3rd period - Deflect By Dustin Penner.
7:35 of 3rd period - Shot Misses the Net.
7:39 of 3rd period - Shot by Dustin Penner.
7:39 of 3rd period - Deflect By Nick Palmieri.
7:39 of 3rd period - Shot Misses the Net.
8:01 of 3rd period - Shot by Mike Santorelli.
8:01 of 3rd period - Shot Misses the Net.
8:03 of 3rd period - Shot by Andrew Brunette.
8:03 of 3rd period - Shot Misses the Net.
8:05 of 3rd period - Shot by Matt Cullen.
8:05 of 3rd period - Shot Misses the Net.
8:11 of 3rd period - Matt Cullen is hit by P.K. Subban and loses puck.
8:20 of 3rd period - Shot by Mike Santorelli.
8:20 of 3rd period - Deflect By Chris Drury.
8:20 of 3rd period - Shot Misses the Net.
8:22 of 3rd period - Shot by Mike Santorelli.
8:22 of 3rd period - Goal by Mike Santorelli - Panthers : 5 - Canadiens : 3.
8:22 of 3rd period - Anders Lindback enters game.
8:23 of 3rd period - Manny Malhotra wins face-off versus Dustin Penner in neutral zone.
9:02 of 3rd period - Shot by David Perron.
9:02 of 3rd period - Stopped by Corey Crawford without a rebound.
9:03 of 3rd period - Dave Bolland wins face-off versus Jonathan Toews in Panthers zone.
9:28 of 3rd period - Shot by Dustin Byfuglien.
9:28 of 3rd period - Shot Misses the Net.
9:30 of 3rd period - Shot by Tom Poti.
9:30 of 3rd period - Shot Blocked by Luca Sbisa.
9:34 of 3rd period - Shot by Jonathan Toews.
9:34 of 3rd period - Shot Blocked by Sam Gagner.
9:38 of 3rd period - Shot by Jonathan Toews.
9:38 of 3rd period - Shot Hit the Post.
9:40 of 3rd period - Shot by Dustin Byfuglien.
9:40 of 3rd period - Shot Misses the Net.
9:42 of 3rd period - Shot by Tom Poti.
9:42 of 3rd period - Shot Misses the Net.
9:44 of 3rd period - Shot by Marc-Edouard Vlasic.
9:44 of 3rd period - Stopped by Corey Crawford without a rebound.
9:45 of 3rd period - Manny Malhotra wins face-off versus Chris Drury in Panthers zone.
9:48 of 3rd period - Shot by David Perron.
9:48 of 3rd period - Deflect By Manny Malhotra.
9:48 of 3rd period - Shot Blocked by John-Michael Liles.
9:58 of 3rd period - Shot by Matt Cullen.
9:58 of 3rd period - Stopped by Anders Lindback without a rebound.
9:59 of 3rd period - Chris Drury wins face-off versus Dominic Moore in Canadiens zone.
10:00 of 3rd period - Shot by Mike Santorelli.
10:00 of 3rd period - Shot Misses the Net.
10:03 of 3rd period - Icing by Tom Poti.
10:04 of 3rd period - Sergei Shirokov wins face-off versus Dominic Moore in Canadiens zone.
11:16 of 3rd period - Shot by David Perron.
11:16 of 3rd period - Stopped by Corey Crawford without a rebound.
11:17 of 3rd period - Bryan Little wins face-off versus Chris Drury in Panthers zone.
11:31 of 3rd period - Minor Penalty to Ryan OByrne for Tripping.
11:32 of 3rd period - Jonathan Toews wins face-off versus Matt Cullen in Panthers zone.
11:39 of 3rd period - Shot by Jonathan Toews.
11:39 of 3rd period - Goal by Jonathan Toews - Panthers : 5 - Canadiens : 4.
11:40 of 3rd period - Bryan Little wins face-off versus Chris Drury in neutral zone.
12:13 of 3rd period - Shot by Bryan Little.
12:13 of 3rd period - Shot Misses the Net.
12:23 of 3rd period - Shot by David Perron.
12:23 of 3rd period - Stopped by Corey Crawford with a rebound.
12:30 of 3rd period - Icing by Andy Greene.
12:31 of 3rd period - Jonathan Toews wins face-off versus Matt Cullen in Panthers zone.
12:54 of 3rd period - Shot by Jonathan Toews.
12:54 of 3rd period - Shot Misses the Net.
13:32 of 3rd period - Shot by Sam Gagner.
13:32 of 3rd period - Shot Blocked by Dustin Byfuglien.
13:34 of 3rd period - Shot by Jason Garrison.
13:34 of 3rd period - Stopped by Anders Lindback with a rebound.
13:36 of 3rd period - Shot by Ryan Smyth.
13:36 of 3rd period - Deflect By Sam Gagner.
13:36 of 3rd period - Goal by Sam Gagner - Panthers : 6 - Canadiens : 4.
13:37 of 3rd period - Manny Malhotra wins face-off versus Nick Palmieri in neutral zone.
13:48 of 3rd period - Shot by Nick Palmieri.
13:48 of 3rd period - Shot Misses the Net.
14:13 of 3rd period - Icing by Rob Scuderi.
14:14 of 3rd period - Manny Malhotra wins face-off versus Dustin Penner in Canadiens zone.
14:14 of 3rd period - Manny Malhotra is hit by Jason Blake.
14:27 of 3rd period - Shot by Jason Garrison.
14:27 of 3rd period - Stopped by Anders Lindback without a rebound.
14:28 of 3rd period - Bryan Little wins face-off versus Andrew Brunette in Canadiens zone.
14:32 of 3rd period - Brandon Dubinsky is hit by Ryan Smyth and loses puck.
14:36 of 3rd period - Minor Penalty to Jason Garrison for Cross-checking.
14:37 of 3rd period - Ryan Smyth wins face-off versus Bryan Little in Panthers zone.
14:37 of 3rd period - Dave Bolland is hit by Brandon Dubinsky.
15:29 of 3rd period - Shot by Jonathan Toews.
15:29 of 3rd period - Stopped by Corey Crawford without a rebound.
15:30 of 3rd period - Ryan Smyth wins face-off versus Jonathan Toews in Panthers zone.
16:20 of 3rd period - Minor Penalty to P.K. Subban for Tripping.
16:21 of 3rd period - Manny Malhotra wins face-off versus Patrik Berglund in Canadiens zone.
16:25 of 3rd period - Minor Penalty to Patrik Berglund for High sticking.
16:26 of 3rd period - Ryan Smyth wins face-off versus Manny Malhotra in Panthers zone.
17:03 of 3rd period - Shot by Matt Cullen.
17:03 of 3rd period - Shot Blocked by Travis Hamonic.
17:05 of 3rd period - Shot by Matt Cullen.
17:05 of 3rd period - Stopped by Anders Lindback without a rebound.
17:06 of 3rd period - Jonathan Toews wins face-off versus Ryan Smyth in Canadiens zone.
17:35 of 3rd period - Shot by Logan Couture.
17:35 of 3rd period - Shot Misses the Net.
17:52 of 3rd period - Logan Couture is hit by Ryan OByrne and loses puck.
18:05 of 3rd period - Shot by Matt Cullen.
18:05 of 3rd period - Shot Misses the Net.
18:09 of 3rd period - Shot by Andrew Brunette.
18:09 of 3rd period - Stopped by Anders Lindback with a rebound.
18:11 of 3rd period - Shot by Ryan OByrne.
18:11 of 3rd period - Shot Blocked by Travis Hamonic.
18:51 of 3rd period - Shot by P.K. Subban.
18:51 of 3rd period - Shot Misses the Net.
18:56 of 3rd period - Sam Gagner is hit by P.K. Subban and loses puck.
19:14 of 3rd period - Icing by Dustin Byfuglien.
19:15 of 3rd period - Bryan Little wins face-off versus Chris Drury in Canadiens zone.
19:28 of 3rd period - Shot by Sam Gagner.
19:28 of 3rd period - Shot Misses the Net.
19:47 of 3rd period - Off-side.
19:48 of 3rd period - Matt Cullen wins face-off versus Jonathan Toews in neutral zone.
19:53 of 3rd period - Shot by Andrew Brunette.
19:53 of 3rd period - Shot Misses the Net.


Output by the SimonT Hockey Simulator (STHS) for Stephane Roy -- Original Page W3C XHTML 1.0 Valid